 Dungeon Crawl Stone Soup version 0.31-a0-632-g766dd24fdf (webtiles) character file.

Game seed: 16190924988199914058

652 IdlyInterested the Cutter (level 7, -4/51 HPs)
             Began as a Demonspawn Gladiator on Aug 25, 2023.
             Slain by Edmund
             ... wielding a +5 flail of protection
              (15 damage)
             ... on level 4 of the Dungeon.
             The game lasted 00:13:06 (4173 turns).

IdlyInterested the Cutter (Demonspawn Gladiator)    Turns: 4173, Time: 00:13:07

Health: -4/51      AC:  5    Str: 14    XL:     7   Next: 28%
Magic:  17/17      EV: 10    Int:  9    God:
Gold:   69         SH: 11    Dex: 14    Spells: 8/8 levels left

rFire   . . .        g - +3 short sword
rCold   + . .        s - +0 tower shield
rNeg    . . .        w - +0 leather armour of Bylyops {rC+ MP+9 Str-3}
rPois   .            c - +0 helmet
rElec   .            (no cloak)
rCorr   .            (no gloves)
SInv    .            n - +0 pair of boots
Will    .....        (no amulet)
Stlth   ++           (no ring)
HPRegen 0.28/turn    (no ring)
MPRegen 0.30/turn

%: no passive effects
@: attractive
A: repulsion field 2, magic regeneration, demonic magic 1
a: no special abilities


You were on level 4 of the Dungeon.
You visited 2 branches of the dungeon, and saw 6 of its levels.

You collected 166 gold pieces.
You spent 97 gold pieces at shops.

Inventory:

Hand Weapons
 g - a +3 short sword (weapon)
 q - a +0 dagger of flaming
Missiles
 e - a javelin
 m - 4 datura-tipped darts
 u - 15 stones (quivered)
 v - a boomerang
Armour
 c - a +0 helmet (worn)
 n - a +0 pair of boots (worn)
 s - a +0 tower shield (worn)
 w - the +0 leather armour of Bylyops (worn) {rC+ MP+9 Str-3}
   (You found it on level 4 of the Dungeon)

   Str-3:     It affects your strength (-3).
   rC+:       It protects you from cold.
   MP+9:      It affects your magic capacity (+9).
 y - a +0 hat
Wands
 i - a wand of iceblast (8)
Scrolls
 a - 2 scrolls of teleportation {unknown}
 f - 6 scrolls of identify {unknown}
 j - 3 scrolls of enchant armour {unknown}
 l - a scroll of blinking
 o - a scroll of summoning {unknown}
 p - a scroll of poison {unknown}
 r - a scroll of fear {unknown}
 t - a scroll of amnesia {unknown}
Potions
 b - a potion of lignification


   Skills:
 + Level 2.7 Fighting
 * Level 4.5 Short Blades
 - Level 4.0 Axes
 - Level 2.0 Throwing
 - Level 1.0 Armour
 - Level 2.6 Dodging
 + Level 3.5 Stealth
 - Level 1.0 Spellcasting
 - Level 1.0 Evocations


You had 8 spell levels left.
You didn't know any spells.
Your spell library contained the following spells:

 Spells                   Type           Power      Damage    Failure   Level
 Cigotuvi's Dreadful Rot  Necr/Pois/Air  0%         N/A       100%        2
 Dispel Undead            Necr           0%         3d6       100%        4
 Death Channel            Necr           0%         N/A       100%        6


Dungeon Overview and Level Annotations

Branches:
Dungeon (5/15)             Temple (1/1) D:4

Altars:
Cheibriados
Dithmenos
Fedhas
Gozag
Hepliaklqana
Nemelex Xobeh
Okawaru
Ru
Trog
Wu Jian
Xom

Shops:
D:1 ?

Annotations:
D:3 2 transporters, Plaidstone's ghost, amateur DrCj
D:4 Edmund


Innate Abilities, Weirdness & Mutations

You are surrounded by a moderate repulsion field. (EV +3)
You regenerate magic rapidly.
Spells you cast may paralyse adjacent enemies.


Message History

Edmund is lightly wounded.
Edmund struggles against the net.
You hit Edmund but do no damage.
Edmund is lightly wounded.
Edmund struggles against the net.
The net rips apart, and Edmund comes free!
Edmund hits you but does no damage.
Throw: throwing net
Press: ? - help, Shift-Dir - straight line, f/p - Edmund
Aim: Edmund, wielding a +5 flail of protection and wearing a +0 ring mail (lightly wounded, 61% to hit)
You throw a throwing net. The throwing net hits Edmund.
Edmund is caught in the net!
Edmund is lightly wounded.
Edmund struggles against the net.
You catch the helpless Edmund completely off-guard!
You puncture Edmund!
Edmund is moderately wounded.
Edmund struggles against the net.
You barely miss Edmund.
Edmund is moderately wounded.
Edmund struggles against the net.
You hit Edmund but do no damage.
Edmund is moderately wounded.
Edmund struggles against the net.
You catch the helpless Edmund completely off-guard!
You hit Edmund.
Edmund is heavily wounded.
Edmund struggles against the net. x2
You hit Edmund.
Edmund is heavily wounded.
Edmund struggles against the net.
The net rips apart, and Edmund comes free!
You hit Edmund but do no damage.
Edmund is heavily wounded.
You block Edmund's attack.
It was a potion of attraction.
You feel attractive to monsters.
Edmund hits you with a +5 flail of protection!
You die...
Edmund says, "That'll show my brother!"

##..# ##..........#
#...# #............
#...# #............
#...# ##...........
#...# ##........#..
#...###.....[.####.
#.........##### ##
##@.......## #
#..@..)#)..### #
##.....<##...##
#......###...##
#......# ##.).## ##
#......# ##...###.
#......# ###..#..
#.....## ##....
##.....# ##..#
#....### ###.##


You could see Edmund.

Vanquished Creatures
  Sigmund (D:4)
  An ogre (D:5)
  A scorpion (D:4)
  2 hounds (D:4)
  An iron imp (D:3)
  Jessica (D:3)
  Ijyb (D:4)
  A sleepcap (D:4)
  An orc wizard (D:4)
  5 adders
  3 gnolls (D:3)
  A worm (D:4)
  2 dart slugs (D:1)
  3 orcs
  8 ball pythons
  6 endoplasms
  5 giant cockroaches
  7 goblins
  6 hobgoblins
  9 jackals
  6 quokkas
  2 bats (D:1)
  3 frilled lizards
  5 kobolds
  6 rats (D:1)
87 creatures vanquished.

Vanquished Creatures (others)
  A jackal (D:1)
  A bat (D:1)
  A rat (D:1)
3 creatures vanquished.

Grand Total: 90 creatures vanquished

Notes
Turn   | Place    | Note
-------+----------+-------------------------------------------
     0 | D:1      | IdlyInterested the Demonspawn Gladiator began the quest for
                  | the Orb.
     0 | D:1      | Reached XP level 1. HP: 16/16 MP: 1/1
    43 | D:1      | Gained mutation: You are surrounded by a mild repulsion
                  | field. (EV +2) [demonic ancestry]
    43 | D:1      | Reached XP level 2. HP: 18/22 MP: 2/2
   151 | D:1      | Reached skill level 1 in Armour
   198 | D:1      | Found Fyt Leocw's Magic Scroll Shop.
   229 | D:1      | Gained mutation: You regenerate magic rapidly. [demonic
                  | ancestry]
   229 | D:1      | Reached XP level 3. HP: 27/27 MP: 3/3
   596 | D:2      | Reached skill level 1 in Stealth
  1030 | D:2      | Gained mutation: Spells you cast may paralyse adjacent
                  | enemies. [demonic ancestry]
  1030 | D:2      | Reached XP level 4. HP: 29/33 MP: 4/4
  1239 | D:1      | Bought a scroll of blinking for 97 gold pieces
  1442 | D:3      | Found a transporter.
  1442 | D:3      | Noticed Plaidstone's ghost (amateur DrCj)
  1448 | D:3      | Noticed Jessica
  1460 | D:3      | Reached skill level 1 in Evocations
  1471 | D:3      | Killed Jessica
  1472 | D:3      | Reached skill level 1 in Short Blades
  1503 | D:3      | Gained mutation: You are surrounded by a moderate repulsion
                  | field. (EV +3) [demonic ancestry]
  1503 | D:3      | Reached XP level 5. HP: 6/38 MP: 5/5
  1793 | D:3      | Found a transporter.
  2077 | D:3      | Found a faded altar of an unknown god.
  2094 | D:3      | Found a snail-covered altar of Cheibriados.
  2118 | D:3      | Reached skill level 1 in Spellcasting
  2745 | D:4      | Reached XP level 6. HP: 39/44 MP: 7/7
  2781 | D:4      | Noticed Ijyb
  2792 | D:4      | Killed Ijyb
  3290 | D:4      | Found a staircase to the Ecumenical Temple.
  3304 | Temple   | Entered the Ecumenical Temple
  3390 | D:4      | Identified the +0 leather armour of Bylyops {rC+ MP+9
                  | Str-3}
  3535 | D:4      | Noticed Sigmund
  3550 | D:4      | Killed Sigmund
  3551 | D:4      | Reached XP level 7. HP: 32/51 MP: 8/8
  3725 | D:4      | Found an ornate altar of the Wu Jian Council.
  3725 | D:4      | Found a sparkling altar of Nemelex Xobeh.
  3953 | D:5      | Entered Level 5 of the Dungeon
  4146 | D:5      | Noticed Edmund
  4173 | D:4      | Slain by Edmund

Illustrated notes

Levels and vault maps discovered:
D:1:      giann_horns, layout_rooms, serial_shops, shop, lemuel_flame_loot_1
D:2:      layout_rooms, eino_tiny_chamber
D:3:      layout_basic, slow_altar_2, gammafunk_ghost_arena,
          basic_ecumenical_altar, dk_noncrumbling_3, uniq_jessica
D:4:      layout_cave_pods, gammafunk_temple_overflow_wave,
          minmay_temple_entry_ruins, ebering_dispersal_statue_hall,
          nicolae_concentric_dashed_squares_mild, uniq_sigmund, uniq_ijyb
D:5:      layout_rooms, uniq_pikel, uniq_edmund
Temple:   kb_temple_of_zot

Skill      XL: |  1  2  3  4  5  6 |
---------------+-------------------+-----
Axes           | 3 4 |  4.0
Armour         | 1 |  1.0
Stealth        | 1 2 3 |  3.5
Evocations     | 1 |  1.0
Short Blades   | 1 3 4 |  4.5
Spellcasting   | 1 |  1.0
Throwing       | 2 |  2.0
Fighting       | |  2.7
Dodging        | |  2.6

Action                     |  1- 3 |  4- 6 |  7- 9 || total
---------------------------+-------+-------+-------++-------
  Melee: War axe           |    86 |    11 |       ||    97
         Short sword       |       |   191 |    29 ||   220
         Punch             |       |     2 |       ||     2
  Throw: Stone             |       |    19 |     1 ||    20
         Dart              |       |     2 |     2 ||     4
         Javelin           |       |     1 |       ||     1
         Throwing net      |       |     1 |     2 ||     3
    Use: Potion            |       |     4 |     1 ||     5
   Stab: Sleeping          |       |     5 |     1 ||     6
         Held in net/web   |       |       |     2 ||     2
 Armour: Leather armour    |    15 |    10 |     1 ||    26
         Ring mail         |    16 |     8 |       ||    24
         Skin              |       |    21 |       ||    21
         Robe              |       |     9 |       ||     9
  Dodge: Dodged            |    89 |   135 |     5 ||   229
  Block: Tower shield      |       |    48 |    11 ||    59

Table legend: (Time is in decaauts)
 A = Elapsed time spent in this place.
 B = Non-inter-level travel time spent in this place.
 C = Inter-level travel time spent in this place.
 D = Time resting spent in this place.
 E = Time spent auto-exploring this place.
 F = Levels seen in this place.
 G = Mean time per level.
                   A        B        C        D        E       F      G
               +--------+--------+--------+--------+--------+-----+--------+
         Total |   4223 |   3691 |    532 |    642 |   1935 |   6 |  703.8 |
       Dungeon |   4222 |   3690 |    532 |    642 |   1935 |   5 |  844.4 |
        Temple |      1 |      1 |      0 |      0 |      0 |   1 |    1.0 |
               +--------+--------+--------+--------+--------+-----+--------+

Top non-repeatable levels by time:
     D:4: 1465 daAuts
     D:3: 1286 daAuts
     D:1: 742 daAuts
     D:2: 647 daAuts
     D:5: 80 daAuts
  Temple: 1 daAuts
